 Dungeon Crawl Stone Soup version 0.17-a0-1711-gc5340a3 (webtiles) character file.

157 kae the Firebug (level 5, -5/28 HPs)
             Began as a Tengu Fire Elementalist on Aug 22, 2015.
             Killed from afar by a white imp (9 damage)
             ... with a puff of frost
             ... summoned by Natasha
             ... on level 3 of the Dungeon.
             The game lasted 00:03:21 (3112 turns).

kae the Firebug (Tengu Fire Elementalist)           Turns: 3112, Time: 00:03:21

Health: -5/28      AC:  3    Str:  8    XL:     5   Next: 38%
Magic:  2/9        EV: 12    Int: 17    God:
Gold:   86         SH:  5    Dex: 14    Spells: 3 memorised, 2 levels left

rFire  . . .     SeeInvis .     k - +0 spear
rCold  . . .     Clarity  .     a - +0 robe
rNeg   + . .     SustAt   .     m - +1 buckler {reflect}
rPois  .         Gourm    .     (helmet restricted)
rElec  .         Spirit   .     t - +0 cloak
rCorr  .         Warding  .     (no gloves)
rMut   .         Stasis   .     (boots unavailable)
MR     .....                    (no amulet)
Stlth  ++........               (no ring)
                                e - ring of positive energy

@: very slightly contaminated, slowed, very slow, not resistant to hostile
enchantments, unstealthy
A: beak, talons 3, able to fly 1
a: Fly


You were on level 3 of the Dungeon.
You were hungry.

You visited 1 branch of the dungeon, and saw 3 of its levels.

You collected 86 gold pieces.

Inventory:

Hand weapons
 k - a +0 spear (weapon)
Armour
 a - a +0 robe (worn)
 m - a +1 buckler of reflection (worn)
 t - a +0 cloak (worn)
Jewellery
 e - a ring of positive energy (left hand)
 w - an uncursed ring of sustain attributes {unknown}
Scrolls
 g - 2 scrolls of recharging {unknown}
 j - 5 scrolls of identify {unknown}
 p - 2 scrolls of teleportation {unknown}
 q - 2 scrolls of magic mapping {unknown}
 s - a scroll of fog {unknown}
 v - 3 scrolls of remove curse {unknown}
Potions
 d - a potion of resistance {unknown}
 h - a potion of heal wounds {unknown}
 i - 2 potions of degeneration {unknown}
 l - a potion of ambrosia {unknown}
 n - 2 potions of agility {unknown}
 o - 3 potions of lignification {unknown}
Books
 b - a book of Flames

   Spells                             Type                      Level
   a - Flame Tongue                   Conjuration/Fire             1
   b - Throw Flame                    Conjuration/Fire             2
   c - Conjure Flame                  Conjuration/Fire             3
   d - Inner Flame                    Hexes/Fire                   3
   e - Sticky Flame                   Conjuration/Fire             4
   f - Fireball                       Conjuration/Fire             5
Comestibles
 c - 2 bread rations
 f - 2 meat rations
 r - a beef jerky
 u - a chunk of flesh


   Skills:
 - Level 2.1 Dodging
 - Level 2.0 Stealth
 + Level 2.2 Shields
 - Level 2.0 Spellcasting
 - Level 1.3 Conjurations
 * Level 5.8 Fire Magic


You had 2 spell levels left.
You knew the following spells:

 Your Spells              Type           Power        Failure   Level  Hunger
a - Flame Tongue          Conj/Fire      ##...        6%          1    #......
b - Throw Flame           Conj/Fire      ##....       10%         2    ###....
c - Conjure Flame         Conj/Fire      ##......     17%         3    ###....


Dungeon Overview and Level Annotations

Branches:
Dungeon (3/15)

Altars:
Ashenzari
Gozag

Annotations:
D:3 Natasha


Innate Abilities, Weirdness & Mutations

You have a beak for a mouth.
You have claws for feet.
You can fly.


Message History

You start resting.
You are feeling hungry.
You start resting.
Items here: )) [[ †† Natasha casts a spell at you.
You feel yourself slow down.
You closely miss Natasha.
Natasha mumbles some strange words.
Unknown command.
The goblin shouts!
You hit Natasha.
Natasha is lightly wounded.
Natasha casts a spell at you. The magic dart hits you!
The white imp closely misses you. Natasha claws you.
* * * LOW HITPOINT WARNING * * *
Drink which item? (? for menu, Esc to quit)
Okay, then.
The white imp gestures at you. The puff of frost hits you!
You die...

##................#####
##...#.#####.....#
#.....#####[....#
#...............#
#.......###......#
####.........##...#...#
>................######
..###.......###..####
#.. #........#..@...# #
............###)#
..........h5# .#
.......... .#
.....g#.##. ..
......... ....
#.....!.# ..o.
.....##.# .... ... ?.
...


You could see Natasha, a white imp and a goblin.

Vanquished Creatures
  Crazy Yiuf (D:2)
  An orc wizard (D:3)
  Robin (D:2)
  2 adders
  An ooze (D:3)
  2 worms
  2 orcs (D:3)
  6 bats
  3 giant cockroaches
  10 hobgoblins
  2 jackals (D:2)
  4 kobolds
  A quokka (D:2)
  2 giant geckos (D:2)
  3 giant newts
  13 goblins
  5 rats
59 creatures vanquished.

Notes
Turn   | Place    | Note
--------------------------------------------------------------
     0 | D:1      | kae the Tengu Fire Elementalist began the quest for the Orb.
     0 | D:1      | Reached XP level 1. HP: 10/10 MP: 4/4
   113 | D:1      | Reached XP level 2. HP: 10/15 MP: 0/6
   256 | D:1      | Reached skill level 4 in Fire Magic
   893 | D:2      | Noticed Robin
   909 | D:1      | Reached XP level 3. HP: 7/19 MP: 7/7
  1534 | D:2      | Killed Robin
  1743 | D:2      | Reached skill level 1 in Shields
  2263 | D:2      | Reached skill level 5 in Fire Magic
  2263 | D:2      | Reached XP level 4. HP: 18/24 MP: 3/8
  2340 | D:2      | Noticed Crazy Yiuf
  2345 | D:2      | Learned a level 2 spell: Throw Flame
  2349 | D:2      | Learned a level 3 spell: Conjure Flame
  2354 | D:2      | Killed Crazy Yiuf
  2530 | D:3      | Found an opulent altar of Gozag.
  2661 | D:3      | Found a shattered altar of Ashenzari.
  2942 | D:3      | Gained mutation: You can fly. [Tengu growth]
  2942 | D:3      | Reached XP level 5. HP: 28/28 MP: 9/9
  2951 | D:3      | Noticed Natasha
  3112 | D:3      | Killed from afar by a white imp

Vault maps used:
D:1:      saegor_arrival_miasma, minmay_misc_feat_plants, corner_web_ring
D:2:      uniq_robin, uniq_crazy_yiuf_cottage
D:3:      grunt_temple_overflow_open, nrook_mini_backslash, uniq_natasha

Action                   |  1- 3 |  4- 6 || total
-------------------------+-------+-------++-------
Melee: Unarmed           |     5 |       ||     5
       Spear             |    64 |    28 ||    92
 Cast: Flame Tongue      |    52 |    32 ||    84
       Conjure Flame     |       |     1 ||     1
 Stab: Sleeping          |     2 |     2 ||     4
  Eat: Chunk             |     5 |     3 ||     8
